 Dungeon Sprint DCSS version 0.31-a0-370-g25055926c8 (webtiles) character file.

Game seed: 18017059099092262634

4491 Conn the Thaumaturge (level 10, -30/72 HPs)
             Began as an Octopode Fire Elementalist on July 29, 2023.
             Was a High Priest of Sif Muna.
             Annihilated by Agnes
             ... wielding a +5 lajatang of electrocution
              (42 damage)
             ... in the Dungeon (Sprint IV: "Fedhas' Mad Dash").
             The game lasted 00:13:07 (2253 turns).

Conn the Thaumaturge (Octopode Fire Elementalist)   Turns: 2253, Time: 00:13:08

Health: -30/72     AC:  1    Str:  7    XL:     10   Next: 38%
Magic:  21/28      EV: 14    Int: 24    God:    Sif Muna [*****.]
Gold:   218        SH:  0    Dex: 15    Spells: 18/37 levels left

rFire   . . .        i - +5 long sword "Ultimatum" {vamp, rC+ Int+2 Dex+2}
rCold   + . .        (no shield)
rNeg    . . .        (helmet restricted)
rPois   .            g - amulet of invisibility {+Inv}
rElec   .            (no ring)
rCorr   .            (no ring)
SInv    .            (no ring)
Will    .....        (no ring)
Stlth   ++++         (no ring)
HPRegen 0.32/turn    (no ring)
MPRegen 0.21/turn    (no ring)
                     (no ring)

%: no teleportation
@: hasted, very quick
A: almost no armour, amphibious, 8 rings, camouflage 1, gelatinous body 1,
(nimble swimmer 1), tentacles
a: Renounce Religion, Evoke Invisibility, Channel Magic, Forget Spell, Divine
Exegesis


You were in the Dungeon.
You worshipped Sif Muna.
Sif Muna was extremely pleased with you.
You visited 1 branch You collected 218 gold pieces.

Inventory:

Hand Weapons
 h - a +1 dagger of draining
 i - the +5 long sword "Ultimatum" (weapon) {vamp, rC+ Int+2 Dex+2}
   (You found it in the Dungeon)

   Int:       It affects your intelligence (+2).
   Dex:       It affects your dexterity (+2).
   rC:        It protects you from cold.
Jewellery
 g - the amulet of invisibility (around mantle) {+Inv}
   (You found it in the Dungeon)

   [amulet of nothing]

   +Inv:      It lets you turn invisible.
Scrolls
 e - a scroll of vulnerability {unknown}
 f - a scroll of blinking
 j - a scroll of enchant weapon
Potions
 a - 2 potions of magic
 b - a potion of curing
 c - a potion of heal wounds


   Skills:
 + Level 8.1 Fighting
 + Level 4.3 Dodging
 + Level 5.0 Stealth
 - Level 0.6 Unarmed Combat
 * Level 14.1 Spellcasting
 * Level 8.4 Conjurations
 + Level 2.7 Hexes
 + Level 12.6 Fire Magic
 * Level 2.2 Earth Magic
 * Level 2.4 Invocations
 - Level 5.4 Evocations


You had 18 spell levels left.
You knew the following spells:

 Your Spells              Type           Power      Damage    Failure   Level
a - Foxfire               Conj/Fire      100%       2x1d9     1%          1
b - Scorch                Fire           100%       2d9       1%          2
c - Inner Flame           Hex/Fire       52%        N/A       1%          3
d - Flame Wave            Conj/Fire      61%        2d14      1%          4
e - Stone Arrow           Conj/Erth      84%        3d12      1%          3
f - Leda's Unmaking       Conj/Erth      21%        9d4       52%         6

Your spell library contained the following spells:

 Spells                   Type           Power      Damage    Failure   Level
 Sandblast                Erth           54%        2d13      1%          1
 Slow                     Hex            100%       N/A       1%          1
 Dazzling Flash           Conj/Hex       86%        N/A       1%          3
 Volatile Blastmotes      Fire/Tloc      94%        2d17      1%          3
 Passwall                 Tmut/Erth      18%        N/A       3%          2
 Confusing Touch          Hex            29%        N/A       3%          3
 Vampiric Draining        Necr           16%        2d7       11%         3
 Silence                  Hex/Air        11%        N/A       50%         5
 Agony                    Necr           16%        N/A       67%         5
 Shatter                  Erth           13%        3d14*     100%        9


Dungeon Overview and Level Annotations

Branches:
Dungeon (1/1)

Altars:
Cheibriados
Dithmenos
Elyvilon
Gozag
Hepliaklqana
Kikubaaqudgha
Makhleb
Nemelex Xobeh
Okawaru
Qazlal
Ru
Sif Muna
Trog
Uskayaw
Vehumet
Wu Jian
Xom
Yredelemnul
Zin
The Shining One
Jiyva
Lugonu

Shops:
D (*=*!

Annotations:
D Agnes


Innate Abilities, Weirdness & Mutations

You cannot wear most types of armour.
You are amphibious.
You can wear up to eight rings at the same time.
Your skin changes colour to match your surroundings (Stealth+).
Your rubbery body absorbs attacks. (AC +1, EV +1)
((You are camouflaged when in or above water. (Stealth+)))
You have tentacles for arms and can constrict up to eight enemies at once.


Message History

Okay, then.
Unknown command.
Unknown command.
You open the door.
Agnes shouts!
Casting: Foxfire (safe; 1% risk of failure)
Confirm with . or Enter, or press ? or * to list all spells.
Okay, then.
You feel yourself speed up.
Casting: Foxfire (safe; 1% risk of failure)
Confirm with . or Enter, or press ? or * to list all spells.
Okay, then.
Okay, then.
Unknown command.
Casting: Foxfire (safe; 1% risk of failure)
Confirm with . or Enter, or press ? or * to list all spells.
Flames lash Agnes.
Agnes is lightly wounded.
Agnes's fire resistance burns away.
You hear a shout!
Casting: Scorch (safe; 1% risk of failure)
Confirm with . or Enter, or press ? or * to list all spells.
Casting: Flame Wave (mildly dangerous; 1% risk of failure)
Press: ? - help, Dir - look around, f - activate A wave of flame ripples out!
The flame wave engulfs Agnes!
Agnes is burned terribly!
Agnes is moderately wounded. (Press . to intensify the flame waves.) Agnes hits you with a +5 lajatang of electrocution!!
A wave of flame ripples out!
The flame wave engulfs Agnes!
Agnes is burned terribly!
Agnes is moderately wounded.
The tree burns like a torch!
Agnes hits you with a +5 lajatang of electrocution!!
* * * LOW HITPOINT WARNING * * *
You are electrocuted!
* * * LOW HITPOINT WARNING * * *
Agnes hits you with a +5 lajatang of electrocution!!!
Ouch! That really hurt!
You die...

###############################**
.#.⌠._._._._.⌠.#..)...#....##∩#*,
.'.._._._._._..'..#...#....'..#*+
.#..._._._._...#..###'##.[)##∩#,,
##.._._._._._..#.)##∩∩.'...####*,
.#._._._._._.⌠.#############****,
.###################....[.#**,,,,
##....♣..♣.###.'..'.......+,+,,,*
'.)....♣...##..#@.#.P.....#******
#.....♣.♣..###.##i##.P....#
#....(♣....'...#♣.§########
################.....###*
,,,,,,,* #####..♣..♣....***
,,,,,,,**###.i.♣......♣.,,****
,,,,,,,,,.......♣.....∩.∩,,,,*
,,,,,,,,,###############******
********** ******* *******


You could see Agnes (combustible).

Vanquished Creatures
  A spriggan druid (D)
  6 oklob plants (D)
  3 burning bushes (D)
  A queen bee (D)
  3 wandering mushrooms (D)
  3 scorpions (D)
  4 killer bees (D)
  5 oklob saplings (D)
  2 spriggans (D)
  A river rat (D)
  A rat (D)
  A ballistomycete spore (D)
31 creatures vanquished.

Vanquished Creatures (collateral kills)
  4 foxfires (D)
4 creatures vanquished.

Vanquished Creatures (others)
  50 foxfires (D)
50 creatures vanquished.

Grand Total: 85 creatures vanquished

Notes
Turn   | Place    | Note
-------+----------+-------------------------------------------
     0 | D        | Conn the Octopode Fire Elementalist began the quest for the
                  | Orb.
     0 | D        | Reached XP level 1. HP: 11/11 MP: 3/3
    35 | D        | Reached XP level 2. HP: 1/17 MP: 1/5
    42 | D        | Learned a level 2 spell: Scorch
   113 | D        | Noticed an oklob sapling
   116 | D        | Noticed a scorpion
   116 | D        | Found the amulet of invisibility {+Inv}
   120 | D        | Killed a scorpion
   121 | D        | Reached skill level 3 in Spellcasting
   121 | D        | Reached XP level 3. HP: 21/21 MP: 0/8
   121 | D        | Reached XP level 4. HP: 27/27 MP: 0/9
   210 | D        | Reached skill level 1 in Fighting
   210 | D        | Reached skill level 4 in Spellcasting
   254 | D        | Learned a level 3 spell: Inner Flame
   259 | D        | Learned a level 4 spell: Flame Wave
   262 | D        | Found an opulent altar of Gozag.
   262 | D        | Found a hazy altar of Hepliaklqana.
   262 | D        | Found a burning altar of Makhleb.
   262 | D        | Found a sparkling altar of Nemelex Xobeh.
   262 | D        | Found a snail-covered altar of Cheibriados.
   262 | D        | Found a sacrificial altar of Ru.
   262 | D        | Found a shimmering blue altar of Sif Muna.
   262 | D        | Found a shimmering altar of Xom.
   262 | D        | Found a basalt altar of Yredelemnul.
   263 | D        | Found a viscous altar of Jiyva.
   263 | D        | Found a bloodstained altar of Trog.
   263 | D        | Found an ornate altar of the Wu Jian Council.
   263 | D        | Noticed an oklob sapling priest
   264 | D        | Found an iron altar of Okawaru.
   264 | D        | Found a glowing silver altar of Zin.
   264 | D        | Found a shadowy altar of Dithmenos.
   265 | D        | Found a hide-covered altar of Uskayaw.
   265 | D        | Found an ancient bone altar of Kikubaaqudgha.
   266 | D        | Found a glowing golden altar of the Shining One.
   266 | D        | Found a stormy altar of Qazlal.
   266 | D        | Found a white marble altar of Elyvilon.
   267 | D        | Found a radiant altar of Vehumet.
   267 | D        | Found a corrupted altar of Lugonu.
   269 | D        | Became a worshipper of Sif Muna the Loreminder
   370 | D        | Killed an oklob sapling priest
   371 | D        | Reached skill level 1 in Evocations
   371 | D        | Reached XP level 5. HP: 34/34 MP: 3/12
   442 | D        | Reached skill level 5 in Spellcasting
   524 | D        | Reached * piety under Sif Muna
   532 | D        | Reached skill level 6 in Spellcasting
   532 | D        | Reached skill level 1 in Hexes
   532 | D        | Reached XP level 6. HP: 33/42 MP: 3/15
   613 | D        | Found Ago Eluh's Assorted Antiques.
   613 | D        | Found Lilaluh's Weapon Emporium.
   625 | D        | Noticed a burning bush
   625 | D        | Noticed a wandering mushroom
   633 | D        | Killed a wandering mushroom
   633 | D        | Reached ** piety under Sif Muna
   634 | D        | Reached skill level 7 in Spellcasting
   634 | D        | Reached XP level 7. HP: 49/49 MP: 5/18
   634 | D        | Noticed a wandering mushroom
   637 | D        | Killed a wandering mushroom
   638 | D        | Reached skill level 5 in Fighting
   638 | D        | Reached skill level 8 in Spellcasting
   638 | D        | Reached skill level 5 in Conjurations
  1008 | D        | Killed a burning bush
  1009 | D        | Reached skill level 9 in Spellcasting
  1009 | D        | Reached XP level 8. HP: 46/57 MP: 9/21
  1079 | D        | Found Cacsy's Distillery.
  1079 | D        | Found Melikeunk's General Store.
  1083 | D        | Identified the +5 long sword "Ultimatum" {vamp, rC+ Int+2
                  | Dex+2}
  1131 | D        | Reached *** piety under Sif Muna
  1173 | D        | Noticed a queen bee
  1188 | D        | Reached skill level 10 in Fire Magic
  1188 | D        | Reached skill level 5 in Evocations
  1189 | D        | Reached skill level 10 in Spellcasting
  1193 | D        | Killed a queen bee
  1193 | D        | Reached **** piety under Sif Muna
  1323 | D        | Noticed an oklob plant
  1333 | D        | Killed an oklob plant
  1334 | D        | Reached skill level 5 in Stealth
  1334 | D        | Reached skill level 11 in Spellcasting
  1334 | D        | Reached XP level 9. HP: 63/63 MP: 3/24
  1443 | D        | Noticed a burning bush
  1456 | D        | Killed a burning bush
  1564 | D        | Noticed a burning bush
  1564 | D        | Noticed an oklob plant
  1577 | D        | Killed a burning bush
  1577 | D        | Reached ***** piety under Sif Muna
  1696 | D        | Noticed a wandering mushroom
  1702 | D        | Killed an oklob plant
  1703 | D        | Reached skill level 12 in Spellcasting
  1703 | D        | Killed a wandering mushroom
  1703 | D        | Received a gift from Sif Muna
  1708 | D        | Got Sif Muna's Information on Reformed Topography {god
                  | gift}
  1803 | D        | Noticed a spriggan druid
  1810 | D        | Killed a spriggan druid
  1811 | D        | Reached skill level 13 in Spellcasting
  1811 | D        | Reached XP level 10. HP: 65/72 MP: 17/27
  1884 | D        | Noticed an oklob plant conjurer
  1984 | D        | Killed an oklob plant conjurer
  1996 | D        | Learned a level 3 spell: Stone Arrow
  2100 | D        | Learned a level 6 spell: Leda's Unmaking
  2113 | D        | Noticed an oklob plant
  2113 | D        | Noticed an oklob plant summoner
  2114 | D        | Noticed an oklob plant shifter
  2120 | D        | Killed an oklob plant
  2121 | D        | Reached skill level 1 in Earth Magic
  2121 | D        | Reached skill level 1 in Invocations
  2124 | D        | Killed an oklob plant summoner
  2129 | D        | Killed an oklob plant shifter
  2130 | D        | Reached skill level 14 in Spellcasting
  2248 | D        | Noticed a spriggan berserker
  2248 | D        | Noticed Agnes
  2248 | D        | Found Fatuzer's Jewellery Emporium.
  2253 | D        | Annihilated by Agnes

Illustrated notes

Levels and vault maps discovered:
D:        dungeon_sprint_fedhas [sprint_temple]

Skill      XL: |  1  2  3  4  5  6  7  8  9 10 |
---------------+-------------------------------+-----
Stealth        | 3 4 5 |  5.0
Fire Magic     | 4 6 7 8 9 10 12 | 12.6
Dodging        | 3 4 |  4.3
Spellcasting   | 3 4 6 7 9 11 13 14 | 14.1
Fighting       | 2 3 4 5 6 8 |  8.1
Conjurations   | 2 3 4 5 6 7 8 |  8.4
Evocations     | 1 2 4 5 |  5.4
Hexes          | 1 2 |  2.7
Earth Magic    | 2 |  2.2
Invocations    | 2 |  2.4
Unarmed Combat | |  0.6

Action                     |  1- 3 |  4- 6 |  7- 9 | 10-12 || total
---------------------------+-------+-------+-------+-------++-------
  Melee: Unarmed           |    15 |       |       |       ||    15
         Tentacles         |     5 |     1 |       |       ||     6
         Constrict         |     4 |     1 |     1 |       ||     6
         Dagger            |       |     3 |     1 |       ||     4
   Cast: Foxfire           |     4 |     8 |    13 |     3 ||    28
         Scorch            |     2 |    12 |    62 |     8 ||    84
         Inner Flame       |       |     6 |     4 |     3 ||    13
         Flame Wave        |       |     2 |     4 |     5 ||    11
Ability: Evoke Invisibilit |       |     6 |     5 |     1 ||    12
    Use: Potion            |     1 |     1 |       |     1 ||     3
         Scroll            |       |       |       |     2 ||     2
  Dodge: Dodged            |     1 |     8 |    11 |       ||    20

Table legend: (Time is in decaauts)
 A = Elapsed time spent in this place.
 B = Non-inter-level travel time spent in this place.
 C = Inter-level travel time spent in this place.
 D = Time resting spent in this place.
 E = Time spent auto-exploring this place.
 F = Levels seen in this place.
 G = Mean time per level.
                   A        B        C        D        E       F      G
               +--------+--------+--------+--------+--------+-----+--------+
         Total |   2257 |   2257 |      0 |   1633 |      0 |   1 | 2257.0 |
       Dungeon |   2257 |   2257 |      0 |   1633 |      0 |   1 | 2257.0 |
               +--------+--------+--------+--------+--------+-----+--------+

Top non-repeatable levels by time:
       D: 2257 daAuts
